Detroit Red Wings vs Anaheim Ducks
Created - Sunday, June 25, 2023 at 06:39
Goals
|
| Detroit Red Wings |
1 |
0 |
2 |
3 |
| Anaheim Ducks |
0 |
2 |
0 |
2 |
|
Shots
|
| Detroit Red Wings |
13 |
11 |
8 |
32 |
| Anaheim Ducks |
14 |
9 |
18 |
41 |
|
1st period
1. Detroit Red Wings , Sean Couturier 26 (Mika Zibanejad 52) at 17:03
Penalties :
Jakob Chychrun (ANA) for Interference (Minor) at 10:42
2nd period
2. Anaheim Ducks , John Tavares 28 (Brayden Schenn 20) at 10:31
3. Anaheim Ducks , Nazem Kadri 42 (Mark Scheifele 44, William Nylander 47) at 16:31
Penalties :
Mason Marchment (ANA) for Hooking (Minor) at 5:35, Sean Couturier (DET) for Interference (Minor) at 10:54, Nazem Kadri (ANA) for Roughing (Minor) at 16:53
3rd period
4. Detroit Red Wings , Mika Zibanejad 33 (Sean Couturier 42) at 2:08 (PP)
5. Detroit Red Wings , Mika Zibanejad 34 (Sean Couturier 43, Shayne Gostisbehere 25) at 4:49
Penalties :
Josh Morrissey (ANA) for Tripping (Minor) at 2:03, Teuvo Teravainen (ANA) for Hooking (Minor) at 11:47, MacKenzie Weegar (DET) for Tripping (Minor) at 15:36
Goalie Stats
Semyon Varlamov (DET), 39 saves from 41 shots - (0.951), W, 31-14-4, 60:00 minutes
Linus Ullmark (ANA), 29 saves from 32 shots - (0.906), L, 27-22-8, 59:17 minutes
Players Stats for Detroit Red Wings
Player Name G A P +/- PIM S H SB GA TA FO MP PP MP PK MP
------------------------------------------------------------------------------------
Arthur Kaliyev 0 0 0 -2 0 4 0 0 1 0 0/1 18:24 3:57 0:00
Brock Nelson 0 0 0 -2 0 7 1 1 0 0 18/26 20:23 4:01 1:57
Daniel Sprong 0 0 0 0 0 4 0 0 2 0 0/0 9:52 0:00 0:00
Jamie Drysdale 0 0 0 0 0 0 0 1 0 1 0/0 17:03 3:41 0:00
Jared McCann 0 0 0 2 0 1 1 0 0 1 0/0 17:12 4:01 0:09
Jason Spezza 0 0 0 0 0 2 0 0 1 0 6/10 10:24 0:03 0:53
Jason Zucker 0 0 0 0 0 0 0 0 0 0 0/0 9:42 0:00 0:14
Jonathan Huberdeau 0 0 0 -2 0 1 0 0 2 0 0/2 18:24 4:01 0:00
Keith Yandle 0 0 0 0 0 0 0 0 0 0 0/0 12:28 0:00 0:49
Kris Letang 0 0 0 0 0 0 2 3 0 1 0/0 26:33 4:20 2:51
MacKenzie Weegar 0 0 0 0 2 0 0 0 1 0 0/0 23:15 4:20 1:15
Michael Del Zotto 0 0 0 0 0 0 1 1 0 0 0/0 18:54 0:00 1:54
Michael McCarron 0 0 0 0 0 0 3 0 0 0 2/7 11:07 0:00 0:00
Mika Zibanejad 2 1 3 2 0 5 3 2 1 1 7/9 18:44 4:00 1:52
Nick Ritchie 0 0 0 0 0 2 1 0 2 0 0/1 12:54 0:00 1:47
Sean Couturier 1 2 3 2 2 3 0 0 3 0 2/4 17:46 4:00 1:04
Shayne Gostisbehere 0 1 1 0 0 2 0 3 0 0 0/0 21:48 3:41 1:07
Tyler Ennis 0 0 0 0 0 1 2 0 0 0 0/1 11:07 0:00 0:00
Players Stats for Anaheim Ducks
Player Name G A P +/- PIM S H SB GA TA FO MP PP MP PK MP
------------------------------------------------------------------------------------
Alex Killorn 0 0 0 0 0 5 0 1 0 1 0/0 20:41 1:44 4:11
Brayden Schenn 0 1 1 0 0 1 0 0 0 1 0/1 11:52 0:00 1:52
Brenden Dillon 0 0 0 0 0 2 0 0 0 0 0/0 15:04 0:00 0:33
Calle Jarnkrok 0 0 0 -1 0 0 0 0 0 1 0/0 6:58 0:00 0:00
Chandler Stephenson 0 0 0 0 0 1 0 1 0 0 3/7 13:11 0:00 4:24
Esa Lindell 0 0 0 0 0 0 2 2 0 0 0/0 20:55 1:16 4:28
Ivan Provorov 0 0 0 0 0 0 0 5 0 2 0/0 25:20 2:42 4:47
J.T. Compher 0 0 0 0 0 0 0 0 0 0 0/0 12:12 0:00 3:22
Jakob Chychrun 0 0 0 0 2 0 1 0 1 0 0/0 19:23 1:16 2:26
John Tavares 1 0 1 0 0 3 1 0 0 1 7/19 16:30 1:44 0:10
Josh Manson 0 0 0 0 0 4 0 0 0 2 0/0 17:41 0:00 3:15
Josh Morrissey 0 0 0 0 2 5 2 2 0 2 0/0 21:38 2:42 0:33
Mark Scheifele 0 1 1 1 0 4 0 0 0 0 0/0 18:30 2:14 0:00
Mason Marchment 0 0 0 -1 2 1 0 1 0 0 0/0 7:05 0:00 0:00
Nazem Kadri 1 0 1 1 2 8 4 0 2 1 13/29 19:41 2:14 0:00
Radek Faksa 0 0 0 -1 0 0 0 1 0 0 1/3 9:09 0:00 2:03
Teuvo Teravainen 0 0 0 0 2 2 0 0 0 2 1/1 16:29 1:44 0:00
William Nylander 0 1 1 1 0 5 1 0 1 0 1/1 19:35 2:14 0:00
3 Stars
1 - Mika Zibanejad (DET)
2 - Sean Couturier (DET)
3 - Semyon Varlamov (DET)
Power Play
Detroit Red Wings - 1 on 5 Attempt(s) - 20.00%
Anaheim Ducks - 0 on 2 Attempt(s) - 0.00%
Penalty Kill
Detroit Red Wings - 2 on 2 Attempt(s) - 100.00%
- Score 0 goal in Penalty Kill
Anaheim Ducks - 4 on 5 Attempt(s) - 80.00%
- Score 0 goal in Penalty Kill
Team Stat
Detroit Red Wings - Hits : 14 - Faceoff Wins : 35 - Blocked Shots : 11 - Penalty Minutes : 4
Anaheim Ducks - Hits : 11 - Faceoff Wins : 26 - Blocked Shots : 13 - Penalty Minutes : 10
Official
Referees : Gord Dwyer and Jean Hebert
Linesman : Michel Cormier and Brad Kovachik
Game Notes
No Game Note
Finance
Level 1 -- Attendance: 4671 (77.85%) -- Ticket Income $467,100
Level 2 -- Attendance: 3943 (78.86%) -- Ticket Income $236,580
Level 3 -- Attendance: 1926 (64.20%) -- Ticket Income $88,596
Level 4 -- Attendance: 4055 (81.10%) -- Ticket Income $101,375
Luxury Box -- Attendance: 791 (79.10%) -- Ticket Income $158,200
Game was played at the Honda Center.
Total Attendance: 15386 (76.93%)
Total Ticket Income: $1,051,851
Other Income: $368,148
Total Income: $1,419,999
Detroit Red Wings
5 vs 5 Forward
Center Left Wing Right Wing Time % Phy DF OF
1 Brock Nelson Jonathan Huberdeau Arthur Kaliyev 40 1 2 2
2 Mika Zibanejad Jared McCann Sean Couturier 30 1 2 2
3 Michael McCarron Tyler Ennis Nick Ritchie 20 1 2 2
4 Jason Spezza Jason Zucker Daniel Sprong 10 1 2 2
5 vs 5 Defense
Defense Defense Time % Phy DF OF
1 Kris Letang MacKenzie Weegar 40 1 2 2
2 Michael Del Zotto Shayne Gostisbehere 30 1 2 2
3 Jamie Drysdale Keith Yandle 20 1 2 2
4 Kris Letang Jamie Drysdale 10 1 2 2
PowerPlay Forward
Center Left Wing Right Wing Time % Phy DF OF
1 Brock Nelson Jonathan Huberdeau Jared McCann 50 1 2 2
2 Mika Zibanejad Arthur Kaliyev Sean Couturier 50 1 2 2
PowerPlay Defense
Defense Defense Time % Phy DF OF
1 Kris Letang MacKenzie Weegar 50 1 2 2
2 Shayne Gostisbehere Jamie Drysdale 50 1 2 2
Penalty Kill 4 Players Forward
Center Wing Time % Phy DF OF
1 Sean Couturier Brock Nelson 50 1 2 2
2 Mika Zibanejad Nick Ritchie 50 1 2 2
Penalty Kill 4 Players Defense
Defense Defense Time % Phy DF OF
1 Kris Letang MacKenzie Weegar 50 1 2 2
2 Shayne Gostisbehere Michael Del Zotto 50 1 2 2
Penalty Kill - 3 Players Forward
Forward Time % Phy DF OF
1 Mika Zibanejad 50 1 2 2
2 Sean Couturier 50 1 2 2
Penalty Kill - 3 Players Defense
Defense Defense Time % Phy DF OF
1 Kris Letang MacKenzie Weegar 50 1 2 2
2 Shayne Gostisbehere Jamie Drysdale 50 1 2 2
4 vs 4 Forward
Center Wing Time % Phy DF OF
1 Brock Nelson Jonathan Huberdeau 60 1 2 2
2 Mika Zibanejad Sean Couturier 40 1 2 2
4 vs 4 Defense
Defense Defense Time % Phy DF OF
1 Kris Letang MacKenzie Weegar 60 1 2 2
2 Shayne Gostisbehere Jamie Drysdale 40 1 2 2
Last Minutes Offensive
Center Left Wing Right Wing Defense Defense
Mika Zibanejad Jonathan Huberdeau Brock Nelson Kris Letang MacKenzie Weegar
Last Minutes Defensive
Center Left Wing Right Wing Defense Defense
Sean Couturier Jared McCann Mika Zibanejad Kris Letang MacKenzie Weegar
Goaltenders
Starting : Semyon Varlamov
Backup : Sergei Bobrovsky
Extra Forwards
Normal : Sean Couturier, Daniel Sprong, Arthur Kaliyev - PP : Jason Spezza, Nick Ritchie - PK : Jason Spezza
Extra Defensemen
Normal : Michael Del Zotto, Keith Yandle, Shayne Gostisbehere - PP : Keith Yandle - PK : Michael Del Zotto, Keith Yandle
Penalty Shots
Mika Zibanejad, Jonathan Huberdeau, Jared McCann, Sean Couturier, Kris Letang
Anaheim Ducks
5 vs 5 Forward
Center Left Wing Right Wing Time % Phy DF OF
1 Nazem Kadri William Nylander Mark Scheifele 36 1 2 2
2 John Tavares Alex Killorn Teuvo Teravainen 34 1 2 2
3 Chandler Stephenson Brayden Schenn J.T. Compher 20 1 2 2
4 Radek Faksa Calle Jarnkrok Mason Marchment 10 1 2 2
5 vs 5 Defense
Defense Defense Time % Phy DF OF
1 Ivan Provorov Josh Morrissey 40 1 2 2
2 Jakob Chychrun Esa Lindell 35 1 2 2
3 Brenden Dillon Josh Manson 25 1 2 2
4 Ivan Provorov Esa Lindell 0 1 2 2
PowerPlay Forward
Center Left Wing Right Wing Time % Phy DF OF
1 Nazem Kadri Mark Scheifele William Nylander 55 1 2 2
2 John Tavares Alex Killorn Teuvo Teravainen 45 1 2 2
PowerPlay Defense
Defense Defense Time % Phy DF OF
1 Ivan Provorov Josh Morrissey 55 1 2 2
2 Esa Lindell Jakob Chychrun 45 1 2 2
Penalty Kill 4 Players Forward
Center Wing Time % Phy DF OF
1 Chandler Stephenson Alex Killorn 60 1 2 2
2 Radek Faksa J.T. Compher 40 1 2 2
Penalty Kill 4 Players Defense
Defense Defense Time % Phy DF OF
1 Ivan Provorov Esa Lindell 60 1 2 2
2 Josh Manson Jakob Chychrun 40 1 2 2
Penalty Kill - 3 Players Forward
Forward Time % Phy DF OF
1 Alex Killorn 60 1 2 2
2 Chandler Stephenson 40 1 2 2
Penalty Kill - 3 Players Defense
Defense Defense Time % Phy DF OF
1 Ivan Provorov Esa Lindell 60 1 2 2
2 Josh Manson Jakob Chychrun 40 1 2 2
4 vs 4 Forward
Center Wing Time % Phy DF OF
1 Nazem Kadri William Nylander 50 1 2 2
2 John Tavares Mark Scheifele 50 1 2 2
4 vs 4 Defense
Defense Defense Time % Phy DF OF
1 Esa Lindell Ivan Provorov 60 1 2 2
2 Brenden Dillon Jakob Chychrun 40 1 2 2
Last Minutes Offensive
Center Left Wing Right Wing Defense Defense
Nazem Kadri John Tavares William Nylander Jakob Chychrun Josh Morrissey
Last Minutes Defensive
Center Left Wing Right Wing Defense Defense
Chandler Stephenson Alex Killorn Radek Faksa Ivan Provorov Esa Lindell
Goaltenders
Starting : Linus Ullmark
Backup : Jack Campbell
Extra Forwards
Normal : Nazem Kadri, William Nylander, John Tavares - PP : William Nylander, Nazem Kadri - PK : Alex Killorn
Extra Defensemen
Normal : Ivan Provorov, Esa Lindell, Jakob Chychrun - PP : Josh Morrissey - PK : Ivan Provorov, Esa Lindell
Penalty Shots
Jakob Chychrun, Brenden Dillon, Calle Jarnkrok, Mark Scheifele, John Tavares
% Time on Ice - Detroit Red Wings
Lines # - Real PCT - Wanted PCT - Time Play
Normal Forward
1 - 31% - 40% - 14:25
2 - 26% - 30% - 12:09
3 - 24% - 20% - 11:07
4 - 20% - 10% - 9:28
Normal Defense
1 - 36% - 40% - 16:47
2 - 36% - 30% - 17:00
3 - 25% - 20% - 11:39
4 - 4% - 10% - 1:43
PP Forward
1 - 50% - 50% - 4:01
2 - 50% - 50% - 4:00
PP Defense
1 - 54% - 50% - 4:20
2 - 46% - 50% - 3:41
PK Forward
1 - 55% - 50% - 2:11
2 - 45% - 50% - 1:47
PK Defense
1 - 72% - 50% - 2:51
2 - 28% - 50% - 1:07
PK3 Forward
1 - 0% - 50%
2 - 0% - 50%
PK3 Defense
1 - 0% - 50%
2 - 0% - 50%
44 Forward
1 - 0% - 60%
2 - 0% - 40%
44 Defense
1 - 0% - 60%
2 - 0% - 40%
Last Minute Offensive - 0:00
Last Minute Defensive - 0:52
Total
Forward - 60:00
Defense - 60:00
|
% Time on Ice - Anaheim Ducks
Lines # - Real PCT - Wanted PCT - Time Play
Normal Forward
1 - 35% - 36% - 16:35
2 - 32% - 34% - 14:46
3 - 18% - 20% - 8:30
4 - 15% - 10% - 6:58
Normal Defense
1 - 39% - 40% - 18:03
2 - 31% - 35% - 14:27
3 - 31% - 25% - 14:19
4 - 0% - 0% - 0:00
PP Forward
1 - 56% - 55% - 2:14
2 - 44% - 45% - 1:44
PP Defense
1 - 68% - 55% - 2:42
2 - 32% - 45% - 1:16
PK Forward
1 - 74% - 60% - 5:58
2 - 26% - 40% - 2:03
PK Defense
1 - 53% - 60% - 4:13
2 - 47% - 40% - 3:48
PK3 Forward
1 - 0% - 60%
2 - 0% - 40%
PK3 Defense
1 - 0% - 60%
2 - 0% - 40%
44 Forward
1 - 0% - 50%
2 - 0% - 50%
44 Defense
1 - 0% - 60%
2 - 0% - 40%
Last Minute Offensive - 1:12
Last Minute Defensive - 0:00
Total
Forward - 60:00
Defense - 60:00
|
Play-by-Play
1st period
0:01 of 1st period - Nazem Kadri wins face-off versus Brock Nelson in neutral zone.
0:10 of 1st period - Wrist shot by Mark Scheifele.
0:10 of 1st period - Shot Misses the Net.
0:34 of 1st period - Wrist shot by Teuvo Teravainen.
0:34 of 1st period - Shot Misses the Net.
0:36 of 1st period - Slapshot by John Tavares.
0:36 of 1st period - Shot Blocked by Mika Zibanejad.
0:38 of 1st period - Slapshot by Ivan Provorov.
0:38 of 1st period - Shot Misses the Net.
0:40 of 1st period - Slapshot by Ivan Provorov.
0:40 of 1st period - Deflect By Teuvo Teravainen.
0:40 of 1st period - Stopped by Semyon Varlamov with a rebound.
0:50 of 1st period - Chandler Stephenson is hit by Tyler Ennis and loses puck.
1:11 of 1st period - Kris Letang is hit by Jakob Chychrun and loses puck.
1:18 of 1st period - Wrist shot by Mason Marchment.
1:18 of 1st period - Stopped by Semyon Varlamov with a rebound.
1:20 of 1st period - Backhand shot by Josh Manson.
1:20 of 1st period - Stopped by Semyon Varlamov without a rebound.
1:21 of 1st period - Brock Nelson wins face-off versus John Tavares in Detroit Red Wings zone.
2:12 of 1st period - Mason Marchment is hit by Mika Zibanejad and loses puck.
2:43 of 1st period - Snap shot by John Tavares.
2:43 of 1st period - Shot Blocked by Shayne Gostisbehere.
3:03 of 1st period - Snap shot by Sean Couturier.
3:03 of 1st period - Stopped by Linus Ullmark with a rebound.
3:05 of 1st period - Slapshot by Mika Zibanejad.
3:05 of 1st period - Stopped by Linus Ullmark with a rebound.
3:07 of 1st period - Wrist shot by Shayne Gostisbehere.
3:07 of 1st period - Shot Misses the Net.
3:09 of 1st period - Slapshot by Shayne Gostisbehere.
3:09 of 1st period - Shot Blocked by Ivan Provorov.
3:11 of 1st period - Slapshot by Shayne Gostisbehere.
3:11 of 1st period - Shot Blocked by Ivan Provorov.
3:13 of 1st period - Snap shot by Sean Couturier.
3:13 of 1st period - Shot Misses the Net.
3:15 of 1st period - Slapshot by Shayne Gostisbehere.
3:15 of 1st period - Stopped by Linus Ullmark with a rebound.
3:17 of 1st period - Slapshot by Sean Couturier.
3:17 of 1st period - Stopped by Linus Ullmark with a rebound.
3:27 of 1st period - Wrist shot by Mika Zibanejad.
3:27 of 1st period - Shot Blocked by Josh Morrissey.
3:29 of 1st period - Backhand shot by Shayne Gostisbehere.
3:29 of 1st period - Stopped by Linus Ullmark without a rebound.
3:30 of 1st period - Brock Nelson wins face-off versus Nazem Kadri in Anaheim Ducks zone.
3:36 of 1st period - Icing by Brenden Dillon.
3:37 of 1st period - Brock Nelson wins face-off versus Nazem Kadri in Anaheim Ducks zone.
3:56 of 1st period - Snap shot by William Nylander.
3:56 of 1st period - Stopped by Semyon Varlamov with a rebound.
3:58 of 1st period - Slapshot by Josh Manson.
3:58 of 1st period - Shot Blocked by Brock Nelson.
4:00 of 1st period - Slapshot by Josh Manson.
4:00 of 1st period - Stopped by Semyon Varlamov with a rebound.
4:02 of 1st period - Slapshot by Josh Manson.
4:02 of 1st period - Stopped by Semyon Varlamov with a rebound.
4:04 of 1st period - Wrist shot by Nazem Kadri.
4:04 of 1st period - Shot Misses the Net.
4:06 of 1st period - Backhand shot by Nazem Kadri.
4:06 of 1st period - Stopped by Semyon Varlamov without a rebound.
4:07 of 1st period - John Tavares wins face-off versus Michael McCarron in Detroit Red Wings zone.
4:18 of 1st period - Wrist shot by John Tavares.
4:18 of 1st period - Stopped by Semyon Varlamov without a rebound.
4:19 of 1st period - John Tavares wins face-off versus Brock Nelson in Detroit Red Wings zone.
4:26 of 1st period - Wrist shot by John Tavares.
4:26 of 1st period - Stopped by Semyon Varlamov with a rebound.
4:48 of 1st period - Esa Lindell is hit by Tyler Ennis and loses puck.
4:54 of 1st period - Off-side.
4:55 of 1st period - Jason Spezza wins face-off versus Nazem Kadri in neutral zone.
5:11 of 1st period - Wrist shot by Nazem Kadri.
5:11 of 1st period - Stopped by Semyon Varlamov without a rebound.
5:12 of 1st period - Brock Nelson wins face-off versus John Tavares in Detroit Red Wings zone.
6:24 of 1st period - Snap shot by Mason Marchment.
6:24 of 1st period - Shot Blocked by Kris Letang.
7:37 of 1st period - Backhand shot by Nick Ritchie.
7:37 of 1st period - Stopped by Linus Ullmark with a rebound.
7:43 of 1st period - Wrist shot by Mark Scheifele.
7:43 of 1st period - Shot Misses the Net.
7:45 of 1st period - Snap shot by William Nylander.
7:45 of 1st period - Stopped by Semyon Varlamov with a rebound.
7:47 of 1st period - Slapshot by Josh Morrissey.
7:47 of 1st period - Stopped by Semyon Varlamov without a rebound.
7:48 of 1st period - Brock Nelson wins face-off versus John Tavares in Detroit Red Wings zone.
7:53 of 1st period - Snap shot by Jonathan Huberdeau.
7:53 of 1st period - Stopped by Linus Ullmark without a rebound.
7:54 of 1st period - Brock Nelson wins face-off versus John Tavares in Anaheim Ducks zone.
8:05 of 1st period - Wrist shot by Brock Nelson.
8:05 of 1st period - Shot Misses the Net.
8:51 of 1st period - Wrist shot by Mark Scheifele.
8:51 of 1st period - Stopped by Semyon Varlamov without a rebound.
8:52 of 1st period - John Tavares wins face-off versus Brock Nelson in Detroit Red Wings zone.
9:17 of 1st period - Ivan Provorov is hit by Jared McCann and loses puck.
10:35 of 1st period - Wrist shot by Jason Zucker.
10:35 of 1st period - Deflect By Jason Spezza.
10:35 of 1st period - Stopped by Linus Ullmark without a rebound.
10:36 of 1st period - Mika Zibanejad wins face-off versus Nazem Kadri in Anaheim Ducks zone.
10:42 of 1st period - Minor Penalty to Jakob Chychrun for Interference.
10:43 of 1st period - Chandler Stephenson wins face-off versus Jonathan Huberdeau in Anaheim Ducks zone.
12:42 of 1st period - Penalty to Jakob Chychrun is over, Jakob Chychrun is back on ice.
12:50 of 1st period - Wrist shot by William Nylander.
12:50 of 1st period - Shot Blocked by Kris Letang.
12:52 of 1st period - Slapshot by Esa Lindell.
12:52 of 1st period - Shot Misses the Net.
13:02 of 1st period - Snap shot by William Nylander.
13:02 of 1st period - Shot Blocked by Kris Letang.
13:22 of 1st period - Icing by Shayne Gostisbehere.
13:23 of 1st period - William Nylander wins face-off versus Jason Spezza in Detroit Red Wings zone.
13:39 of 1st period - Shayne Gostisbehere is hit by Nazem Kadri and loses puck.
13:52 of 1st period - Snap shot by Alex Killorn.
13:52 of 1st period - Shot Blocked by Jamie Drysdale.
14:12 of 1st period - Slapshot by Jonathan Huberdeau.
14:12 of 1st period - Shot Misses the Net.
15:04 of 1st period - Wrist shot by Mark Scheifele.
15:04 of 1st period - Shot Misses the Net.
15:18 of 1st period - Snap shot by Jonathan Huberdeau.
15:18 of 1st period - Shot Blocked by Alex Killorn.
15:36 of 1st period - Snap shot by Brock Nelson.
15:36 of 1st period - Stopped by Linus Ullmark without a rebound.
15:37 of 1st period - Chandler Stephenson wins face-off versus Mika Zibanejad in Anaheim Ducks zone.
16:09 of 1st period - Wrist shot by Chandler Stephenson.
16:09 of 1st period - Deflect By Kris Letang.
16:09 of 1st period - Shot Misses the Net.
16:09 of 1st period - Puck is out of play.
16:10 of 1st period - John Tavares wins face-off versus Michael McCarron in Detroit Red Wings zone.
17:03 of 1st period - Slapshot by Sean Couturier.
17:03 of 1st period - Goal by Sean Couturier - Detroit Red Wings : 1 - Anaheim Ducks : 0.
17:04 of 1st period - Brock Nelson wins face-off versus John Tavares in neutral zone.
17:15 of 1st period - Wrist shot by Arthur Kaliyev.
17:15 of 1st period - Stopped by Linus Ullmark without a rebound.
17:16 of 1st period - Brock Nelson wins face-off versus John Tavares in Anaheim Ducks zone.
17:23 of 1st period - Snap shot by Arthur Kaliyev.
17:23 of 1st period - Stopped by Linus Ullmark without a rebound.
17:24 of 1st period - John Tavares wins face-off versus Brock Nelson in Anaheim Ducks zone.
18:18 of 1st period - Snap shot by Brock Nelson.
18:18 of 1st period - Stopped by Linus Ullmark without a rebound.
18:19 of 1st period - Nazem Kadri wins face-off versus Mika Zibanejad in Anaheim Ducks zone.
18:28 of 1st period - Wrist shot by Nazem Kadri.
18:28 of 1st period - Stopped by Semyon Varlamov with a rebound.
Goals for this period are 1 for Detroit Red Wings vs 0 for Anaheim Ducks.
Shots for this period are 13 for Detroit Red Wings vs 14 for Anaheim Ducks.
2nd period
0:01 of 2nd period - Brock Nelson wins face-off versus Nazem Kadri in neutral zone.
0:10 of 2nd period - Wrist shot by Jonathan Huberdeau.
0:10 of 2nd period - Deflect By Brock Nelson.
0:10 of 2nd period - Stopped by Linus Ullmark without a rebound.
0:11 of 2nd period - Brock Nelson wins face-off versus Nazem Kadri in Anaheim Ducks zone.
1:03 of 2nd period - Snap shot by Daniel Sprong.
1:03 of 2nd period - Stopped by Linus Ullmark with a rebound.
1:17 of 2nd period - Snap shot by Teuvo Teravainen.
1:17 of 2nd period - Deflect By John Tavares.
1:17 of 2nd period - Shot Misses the Net.
1:17 of 2nd period - Puck is out of play.
1:18 of 2nd period - Nazem Kadri wins face-off versus Michael McCarron in Detroit Red Wings zone.
1:31 of 2nd period - Snap shot by Nazem Kadri.
1:31 of 2nd period - Stopped by Semyon Varlamov without a rebound.
1:32 of 2nd period - Brock Nelson wins face-off versus Nazem Kadri in Detroit Red Wings zone.
1:57 of 2nd period - Jared McCann is hit by Esa Lindell and loses puck.
2:22 of 2nd period - Wrist shot by Mika Zibanejad.
2:22 of 2nd period - Stopped by Linus Ullmark with a rebound.
2:24 of 2nd period - Snap shot by Tyler Ennis.
2:24 of 2nd period - Stopped by Linus Ullmark without a rebound.
2:25 of 2nd period - Nazem Kadri wins face-off versus Michael McCarron in Anaheim Ducks zone.
2:46 of 2nd period - Slapshot by Nick Ritchie.
2:46 of 2nd period - Shot Misses the Net.
3:46 of 2nd period - Snap shot by Mark Scheifele.
3:46 of 2nd period - Stopped by Semyon Varlamov without a rebound.
3:47 of 2nd period - Brock Nelson wins face-off versus John Tavares in Detroit Red Wings zone.
4:18 of 2nd period - Snap shot by Sean Couturier.
4:18 of 2nd period - Shot Misses the Net.
5:35 of 2nd period - Minor Penalty to Mason Marchment for Hooking.
5:36 of 2nd period - Brock Nelson wins face-off versus Chandler Stephenson in Anaheim Ducks zone.
5:39 of 2nd period - Snap shot by Jonathan Huberdeau.
5:39 of 2nd period - Shot Blocked by Esa Lindell.
5:43 of 2nd period - Slapshot by Jonathan Huberdeau.
5:43 of 2nd period - Shot Blocked by Ivan Provorov.
6:41 of 2nd period - Slapshot by Jakob Chychrun.
6:41 of 2nd period - Shot Blocked by Shayne Gostisbehere.
6:54 of 2nd period - Icing by Jared McCann.
6:55 of 2nd period - Brock Nelson wins face-off versus Brayden Schenn in Detroit Red Wings zone.
7:35 of 2nd period - Penalty to Mason Marchment is over, Mason Marchment is back on ice.
7:46 of 2nd period - Michael McCarron is hit by Esa Lindell.
7:52 of 2nd period - William Nylander is hit by Michael McCarron.
8:07 of 2nd period - Icing by Michael McCarron.
8:08 of 2nd period - Michael McCarron wins face-off versus Radek Faksa in Detroit Red Wings zone.
8:15 of 2nd period - Snap shot by Nick Ritchie.
8:15 of 2nd period - Stopped by Linus Ullmark without a rebound.
8:16 of 2nd period - Jason Spezza wins face-off versus John Tavares in Anaheim Ducks zone.
8:17 of 2nd period - Snap shot by Daniel Sprong.
8:17 of 2nd period - Stopped by Linus Ullmark without a rebound.
8:18 of 2nd period - Jason Spezza wins face-off versus John Tavares in Anaheim Ducks zone.
8:27 of 2nd period - Backhand shot by Daniel Sprong.
8:27 of 2nd period - Stopped by Linus Ullmark with a rebound.
8:43 of 2nd period - Jason Zucker is hit by Nazem Kadri and loses puck.
9:16 of 2nd period - Brayden Schenn is hit by Kris Letang and loses puck.
9:27 of 2nd period - Snap shot by Brayden Schenn.
9:27 of 2nd period - Stopped by Semyon Varlamov with a rebound.
9:37 of 2nd period - Snap shot by Mika Zibanejad.
9:37 of 2nd period - Shot Misses the Net.
9:47 of 2nd period - Radek Faksa is hit by Michael McCarron and loses puck.
10:10 of 2nd period - Arthur Kaliyev is hit by William Nylander and loses puck.
10:31 of 2nd period - Slapshot by John Tavares.
10:31 of 2nd period - Goal by John Tavares - Detroit Red Wings : 1 - Anaheim Ducks : 1.
10:32 of 2nd period - Mika Zibanejad wins face-off versus John Tavares in neutral zone.
10:54 of 2nd period - Minor Penalty to Sean Couturier for Interference.
10:55 of 2nd period - Jason Spezza wins face-off versus Nazem Kadri in Detroit Red Wings zone.
10:55 of 2nd period - Jason Spezza is hit by Josh Morrissey.
12:13 of 2nd period - Brock Nelson is hit by Nazem Kadri and loses puck.
12:54 of 2nd period - Penalty to Sean Couturier is over, Sean Couturier is back on ice.
13:38 of 2nd period - Backhand shot by Chandler Stephenson.
13:38 of 2nd period - Stopped by Semyon Varlamov with a rebound.
13:49 of 2nd period - Off-side.
13:50 of 2nd period - Jason Spezza wins face-off versus Nazem Kadri in neutral zone.
13:53 of 2nd period - Slapshot by Daniel Sprong.
13:53 of 2nd period - Shot Blocked by Esa Lindell.
14:20 of 2nd period - Snap shot by Calle Jarnkrok.
14:20 of 2nd period - Shot Misses the Net.
14:24 of 2nd period - Slapshot by Mason Marchment.
14:24 of 2nd period - Shot Misses the Net.
14:26 of 2nd period - Snap shot by Radek Faksa.
14:26 of 2nd period - Shot Misses the Net.
15:03 of 2nd period - Snap shot by Daniel Sprong.
15:03 of 2nd period - Stopped by Linus Ullmark with a rebound.
15:27 of 2nd period - Wrist shot by Jason Zucker.
15:27 of 2nd period - Shot Misses the Net.
15:57 of 2nd period - Wrist shot by John Tavares.
15:57 of 2nd period - Shot Misses the Net.
16:15 of 2nd period - Wrist shot by Teuvo Teravainen.
16:15 of 2nd period - Stopped by Semyon Varlamov without a rebound.
16:16 of 2nd period - Nazem Kadri wins face-off versus Brock Nelson in Detroit Red Wings zone.
16:31 of 2nd period - Snap shot by Nazem Kadri.
16:31 of 2nd period - Goal by Nazem Kadri - Detroit Red Wings : 1 - Anaheim Ducks : 2.
16:32 of 2nd period - Nazem Kadri wins face-off versus Brock Nelson in neutral zone.
16:45 of 2nd period - Snap shot by Brock Nelson.
16:45 of 2nd period - Stopped by Linus Ullmark with a rebound.
16:47 of 2nd period - Slapshot by Brock Nelson.
16:47 of 2nd period - Stopped by Linus Ullmark with a rebound.
16:53 of 2nd period - Minor Penalty to Nazem Kadri for Roughing.
16:54 of 2nd period - Mika Zibanejad wins face-off versus Chandler Stephenson in Anaheim Ducks zone.
17:19 of 2nd period - Alex Killorn is hit by Brock Nelson and loses puck.
17:28 of 2nd period - Snap shot by Jonathan Huberdeau.
17:28 of 2nd period - Shot Blocked by Chandler Stephenson.
17:44 of 2nd period - Wrist shot by J.T. Compher.
17:44 of 2nd period - Shot Misses the Net.
18:53 of 2nd period - Penalty to Nazem Kadri is over, Nazem Kadri is back on ice.
19:13 of 2nd period - Snap shot by Mark Scheifele.
19:13 of 2nd period - Stopped by Semyon Varlamov without a rebound.
19:14 of 2nd period - Jason Spezza wins face-off versus Radek Faksa in Detroit Red Wings zone.
19:18 of 2nd period - Off-side.
19:19 of 2nd period - Radek Faksa wins face-off versus Jason Spezza in neutral zone.
19:32 of 2nd period - Slapshot by Jason Spezza.
19:32 of 2nd period - Deflect By Calle Jarnkrok.
19:32 of 2nd period - Stopped by Linus Ullmark with a rebound.
19:34 of 2nd period - Slapshot by Daniel Sprong.
19:34 of 2nd period - Shot Blocked by Mason Marchment.
19:44 of 2nd period - Arthur Kaliyev is hit by Nazem Kadri and loses puck.
19:49 of 2nd period - Snap shot by Nazem Kadri.
19:49 of 2nd period - Deflect By William Nylander.
19:49 of 2nd period - Stopped by Semyon Varlamov with a rebound.
Goals for this period are 0 for Detroit Red Wings vs 2 for Anaheim Ducks.
Shots for this period are 11 for Detroit Red Wings vs 9 for Anaheim Ducks.
3rd period
0:01 of 3rd period - Brock Nelson wins face-off versus Nazem Kadri in neutral zone.
0:51 of 3rd period - Brayden Schenn is hit by Nick Ritchie and loses puck.
1:00 of 3rd period - Josh Manson is hit by Michael McCarron.
1:58 of 3rd period - Slapshot by Sean Couturier.
1:58 of 3rd period - Deflect By Jared McCann.
1:58 of 3rd period - Stopped by Linus Ullmark with a rebound.
2:00 of 3rd period - Snap shot by Michael Del Zotto.
2:00 of 3rd period - Deflect By Mika Zibanejad.
2:00 of 3rd period - Stopped by Linus Ullmark without a rebound.
2:01 of 3rd period - Nazem Kadri wins face-off versus Jonathan Huberdeau in Anaheim Ducks zone.
2:03 of 3rd period - Minor Penalty to Josh Morrissey for Tripping.
2:04 of 3rd period - Mika Zibanejad wins face-off versus Chandler Stephenson in Anaheim Ducks zone.
2:08 of 3rd period - Snap shot by Mika Zibanejad.
2:08 of 3rd period - Goal by Mika Zibanejad - Detroit Red Wings : 2 - Anaheim Ducks : 2.
2:09 of 3rd period - Brock Nelson wins face-off versus Nazem Kadri in neutral zone.
2:16 of 3rd period - Jonathan Huberdeau is hit by Josh Morrissey and loses puck.
2:39 of 3rd period - Backhand shot by Alex Killorn.
2:39 of 3rd period - Stopped by Semyon Varlamov with a rebound.
2:45 of 3rd period - Wrist shot by Jared McCann.
2:45 of 3rd period - Shot Misses the Net.
4:49 of 3rd period - Snap shot by Mika Zibanejad.
4:49 of 3rd period - Goal by Mika Zibanejad - Detroit Red Wings : 3 - Anaheim Ducks : 2.
4:50 of 3rd period - Nazem Kadri wins face-off versus Brock Nelson in neutral zone.
5:07 of 3rd period - Snap shot by Mark Scheifele.
5:07 of 3rd period - Stopped by Semyon Varlamov with a rebound.
5:59 of 3rd period - John Tavares is hit by Mika Zibanejad and loses puck.
6:14 of 3rd period - Nazem Kadri is hit by Kris Letang and loses puck.
7:28 of 3rd period - Slapshot by Arthur Kaliyev.
7:28 of 3rd period - Shot Blocked by Ivan Provorov.
8:10 of 3rd period - Snap shot by J.T. Compher.
8:10 of 3rd period - Shot Misses the Net.
8:22 of 3rd period - Snap shot by Teuvo Teravainen.
8:22 of 3rd period - Shot Misses the Net.
8:24 of 3rd period - Wrist shot by Teuvo Teravainen.
8:24 of 3rd period - Shot Blocked by Shayne Gostisbehere.
8:26 of 3rd period - Snap shot by Alex Killorn.
8:26 of 3rd period - Stopped by Semyon Varlamov without a rebound.
8:27 of 3rd period - John Tavares wins face-off versus Brock Nelson in Detroit Red Wings zone.
8:28 of 3rd period - Snap shot by Alex Killorn.
8:28 of 3rd period - Stopped by Semyon Varlamov with a rebound.
8:30 of 3rd period - Slapshot by Brenden Dillon.
8:30 of 3rd period - Stopped by Semyon Varlamov with a rebound.
8:32 of 3rd period - Slapshot by Brenden Dillon.
8:32 of 3rd period - Stopped by Semyon Varlamov with a rebound.
8:34 of 3rd period - Snap shot by Josh Manson.
8:34 of 3rd period - Stopped by Semyon Varlamov with a rebound.
8:36 of 3rd period - Slapshot by Teuvo Teravainen.
8:36 of 3rd period - Deflect By Alex Killorn.
8:36 of 3rd period - Deflect By Shayne Gostisbehere.
8:36 of 3rd period - Shot Misses the Net.
8:36 of 3rd period - Puck is out of play.
8:37 of 3rd period - Brock Nelson wins face-off versus Nazem Kadri in Detroit Red Wings zone.
8:51 of 3rd period - Icing by Josh Manson.
8:52 of 3rd period - Mika Zibanejad wins face-off versus Nazem Kadri in Anaheim Ducks zone.
10:06 of 3rd period - Brenden Dillon is hit by Mika Zibanejad and loses puck.
10:17 of 3rd period - Snap shot by Nazem Kadri.
10:17 of 3rd period - Shot Misses the Net.
10:19 of 3rd period - Slapshot by William Nylander.
10:19 of 3rd period - Stopped by Semyon Varlamov without a rebound.
10:20 of 3rd period - John Tavares wins face-off versus Arthur Kaliyev in Detroit Red Wings zone.
10:23 of 3rd period - Slapshot by Teuvo Teravainen.
10:23 of 3rd period - Shot Blocked by Michael Del Zotto.
10:33 of 3rd period - Wrist shot by Jonathan Huberdeau.
10:33 of 3rd period - Shot Hit the Post.
10:35 of 3rd period - Snap shot by Brock Nelson.
10:35 of 3rd period - Stopped by Linus Ullmark without a rebound.
10:36 of 3rd period - Chandler Stephenson wins face-off versus Nick Ritchie in Anaheim Ducks zone.
11:22 of 3rd period - Icing by Jamie Drysdale.
11:23 of 3rd period - Teuvo Teravainen wins face-off versus Tyler Ennis in Detroit Red Wings zone.
11:30 of 3rd period - Wrist shot by John Tavares.
11:30 of 3rd period - Shot Hit the Post.
11:32 of 3rd period - Slapshot by John Tavares.
11:32 of 3rd period - Shot Misses the Net.
11:34 of 3rd period - Snap shot by Alex Killorn.
11:34 of 3rd period - Stopped by Semyon Varlamov without a rebound.
11:35 of 3rd period - Brock Nelson wins face-off versus John Tavares in Detroit Red Wings zone.
11:47 of 3rd period - Minor Penalty to Teuvo Teravainen for Hooking.
11:48 of 3rd period - Mika Zibanejad wins face-off versus Chandler Stephenson in Anaheim Ducks zone.
12:25 of 3rd period - Snap shot by Jared McCann.
12:25 of 3rd period - Shot Blocked by Ivan Provorov.
12:27 of 3rd period - Snap shot by Brock Nelson.
12:27 of 3rd period - Shot Blocked by Radek Faksa.
13:47 of 3rd period - Penalty to Teuvo Teravainen is over, Teuvo Teravainen is back on ice.
14:03 of 3rd period - Slapshot by Alex Killorn.
14:03 of 3rd period - Stopped by Semyon Varlamov without a rebound.
14:04 of 3rd period - Nazem Kadri wins face-off versus Jason Spezza in Detroit Red Wings zone.
14:09 of 3rd period - Snap shot by Nazem Kadri.
14:09 of 3rd period - Stopped by Semyon Varlamov without a rebound.
14:10 of 3rd period - Nazem Kadri wins face-off versus Jason Spezza in Detroit Red Wings zone.
15:11 of 3rd period - Snap shot by Brock Nelson.
15:11 of 3rd period - Stopped by Linus Ullmark with a rebound.
15:13 of 3rd period - Snap shot by Arthur Kaliyev.
15:13 of 3rd period - Stopped by Linus Ullmark with a rebound.
15:15 of 3rd period - Slapshot by Arthur Kaliyev.
15:15 of 3rd period - Stopped by Linus Ullmark without a rebound.
15:16 of 3rd period - Nazem Kadri wins face-off versus Michael McCarron in Anaheim Ducks zone.
15:36 of 3rd period - Minor Penalty to MacKenzie Weegar for Tripping.
15:37 of 3rd period - Mika Zibanejad wins face-off versus Nazem Kadri in Detroit Red Wings zone.
15:42 of 3rd period - Icing by Ivan Provorov.
15:43 of 3rd period - Nazem Kadri wins face-off versus Sean Couturier in Anaheim Ducks zone.
16:18 of 3rd period - Wrist shot by Nazem Kadri.
16:18 of 3rd period - Stopped by Semyon Varlamov with a rebound.
16:22 of 3rd period - Wrist shot by Nazem Kadri.
16:22 of 3rd period - Shot Misses the Net.
16:24 of 3rd period - Slapshot by Josh Morrissey.
16:24 of 3rd period - Stopped by Semyon Varlamov with a rebound.
16:26 of 3rd period - Slapshot by Josh Morrissey.
16:26 of 3rd period - Shot Blocked by Mika Zibanejad.
16:28 of 3rd period - Slapshot by Ivan Provorov.
16:28 of 3rd period - Shot Misses the Net.
16:45 of 3rd period - Wrist shot by William Nylander.
16:45 of 3rd period - Shot Misses the Net.
16:47 of 3rd period - Snap shot by Josh Morrissey.
16:47 of 3rd period - Stopped by Semyon Varlamov without a rebound.
16:48 of 3rd period - Sean Couturier wins face-off versus John Tavares in Detroit Red Wings zone.
16:48 of 3rd period - Sean Couturier is hit by John Tavares.
17:36 of 3rd period - Penalty to MacKenzie Weegar is over, MacKenzie Weegar is back on ice.
17:45 of 3rd period - Slapshot by Jamie Drysdale.
17:45 of 3rd period - Shot Misses the Net.
17:51 of 3rd period - Slapshot by Josh Morrissey.
17:51 of 3rd period - Deflect By Mika Zibanejad.
17:51 of 3rd period - Stopped by Semyon Varlamov with a rebound.
17:57 of 3rd period - Ivan Provorov is hit by Michael Del Zotto and loses puck.
18:49 of 3rd period - Off-side.
18:50 of 3rd period - Rick Tocchet call a timeout for Anaheim Ducks.
18:50 of 3rd period - Michael McCarron wins face-off versus Nazem Kadri in neutral zone.
18:55 of 3rd period - Slapshot by Kris Letang.
18:55 of 3rd period - Shot Blocked by Josh Morrissey.
19:07 of 3rd period - Off-side.
19:08 of 3rd period - Nazem Kadri wins face-off versus Sean Couturier in neutral zone.
19:17 of 3rd period - Anaheim Ducks, Linus Ullmark is pulled from the net.
19:25 of 3rd period - Snap shot by William Nylander.
19:25 of 3rd period - Stopped by Semyon Varlamov with a rebound.
19:27 of 3rd period - Slapshot by Josh Morrissey.
19:27 of 3rd period - Stopped by Semyon Varlamov with a rebound.
19:29 of 3rd period - Snap shot by Nazem Kadri.
19:29 of 3rd period - Stopped by Semyon Varlamov without a rebound.
19:30 of 3rd period - Sean Couturier wins face-off versus Nazem Kadri in Detroit Red Wings zone.
Goals for this period are 2 for Detroit Red Wings vs 0 for Anaheim Ducks.
Shots for this period are 8 for Detroit Red Wings vs 18 for Anaheim Ducks.
Back to the Top